Map: Hardwire LE

Players

RagnaroK (SHIN) - Winner!

  • Race: Zerg Zerg
  • League: Master

DPGherO (herO)

  • Race: Protoss Protoss
  • League: Master

Event: TSL 8

VOD

Have the link to the VOD?

Description

Time

  • Played on: Dec. 10, 2021, 10:19 a.m.
  • Length: 12:34

All games in this series

Show
View Real Time Build Order
Export as new Build Order

RagnaroK Zerg - Winner!

Build Orders: 3 Hatch before Pool 

Get SALT Encoding   

  12  0:00  Drone  
  13  0:08  Drone  
  14  0:17  Overlord  
  14  0:22  Extractor  
  14  0:23  Drone  
  15  0:36  Drone x2  
  17  0:57  Drone  
  17  0:59  Hatchery  
  17  1:01  Drone  
  18  1:24  Hatchery  
  17  1:26  Drone  
  18  1:39  Spawning Pool  
  17  1:41  Drone  
  17  1:44  Drone  
  19  1:48  Drone  
  19  1:50  Extractor  
  19  1:53  Drone  
  21  2:04  Drone  
  22  2:12  Hatchery  
  21  2:19  Drone  
  22  2:26  Queen  
  22  2:27  Queen  
  26  2:31  Overlord  
  26  2:36  Zergling x2  
  27  2:37  Zergling x2  
  28  2:50  Zergling x6  
  31  2:52  Metabolic Boost  
  31  2:55  Zergling x2  
  32  3:07  Drone x3  
  35  3:14  Drone  
  35  3:18  Overlord  
  36  3:23  Overlord  
  36  3:28  Queen  
  36  3:31  Drone  
  36  3:32  Drone  
  40  3:35  Zergling x2  
  40  3:38  Drone x2  
  43  3:45  Drone x3  
  46  3:50  Drone x3  
  46  3:55  Drone x2  
  51  3:59  Overlord  
  51  4:04  Queen  
  51  4:06  Drone  
  51  4:08  Drone  
  55  4:10  Drone  
  55  4:11  Drone  
  55  4:15  Drone  
  55  4:16  Overlord  
  58  4:18  Drone x2  
  58  4:22  Overlord  
  60  4:24  Spore Crawler  
  60  4:27  Spore Crawler  
  60  4:29  Spore Crawler  
  60  4:30  Drone  
  58  4:34  Overlord  
  58  4:39  Drone x4  
  58  4:44  Queen  
  64  4:48  Drone x2  
  64  4:49  Drone x2  
  68  4:54  Drone, Roach Warren  
  68  4:55  Drone  
  68  4:57  Drone  
  68  4:58  Drone  
  71  5:04  Queen  
  71  5:06  Overlord  
  73  5:08  Drone  
  73  5:09  Drone x3  
  73  5:12  Lair  
  75  5:16  Drone x2  
  75  5:17  Extractor  
  75  5:19  Drone x3  
  78  5:23  Queen  
  78  5:26  Overlord  
  80  5:29  Extractor  
  80  5:30  Extractor  
  80  5:31  Evolution Chamber  
  77  5:36  Zergling x2  
  77  5:37  Drone x2  
  77  5:40  Drone x6  
  87  5:42  Drone  
  87  5:43  Drone x2, Extractor  
  87  5:44  Extractor  
  87  5:49  Overlord  
  86  5:53  Zergling x2  
  86  5:54  Zergling x10  
  91  5:58  Overlord  
  91  6:01  Roach  
  91  6:04  Hatchery  
  92  6:07  Zerg Missile Weapons Level 1  
  92  6:08  Zergling x8  
  96  6:13  Zergling x2  
  96  6:14  Zergling x10  
  101  6:23  Zergling x2, Roach  
  101  6:26  Roach  
  97  6:33  Roach x2  
  97  6:35  Zergling x2  
  97  6:36  Queen x3  
  97  6:39  Zergling x10  
  103  6:44  Glial Reconstitution  
  102  6:54  Roach  
  102  6:55  Zergling x2, Roach x2  
  102  6:58  Nydus Network  
  108  7:03  Zergling x4, Roach  
  108  7:04  Spire  
  107  7:10  Zergling x2, Roach  
  107  7:11  Zergling x6  
  107  7:12  Queen  
  107  7:14  Queen  
  113  7:20  Zergling x10  
  115  7:24  Queen  
  116  7:31  Zergling x6  
  116  7:35  Overlord  
  119  7:41  Overlord x3  
  119  7:43  Nydus Canal  
  119  7:54  Roach x4  
  127  7:58  Overlord  
  127  7:59  Roach x5  
  127  8:00  Roach  
  127  8:04  Roach x2  
  142  8:06  Roach  
  142  8:09  Overlord  
  142  8:11  Overlord  
  144  8:13  Overlord  
  144  8:16  Roach  
  141  8:29  Ravager x4  
  141  8:30  Ravager x2  
  146  8:35  Roach, Nydus Canal  
  146  8:36  Roach x6  
  151  8:42  Roach  
  151  8:43  Roach x3  
  149  8:56  Hatchery  
  142  9:07  Mutalisk x6  
  142  9:09  Mutalisk  
  141  9:14  Queen  
  139  9:21  Mutalisk x3  
  139  9:24  Queen  
  145  9:27  Mutalisk  
  149  9:33  Mutalisk x2  
  153  9:42  Baneling Nest, Mutalisk x2  
  153  9:43  Evolution Chamber  
  153  9:44  Zerg Melee Weapons Level 1  
  155  9:49  Mutalisk  
  157  9:54  Drone x6  
  157  9:59  Mutalisk  
  165  10:01  Drone x2  
  165  10:04  Zerg Flyer Weapons Level 1  
  165  10:06  Drone x2  
  169  10:08  Extractor  
  169  10:09  Extractor  
  169  10:10  Overlord  
  169  10:12  Mutalisk  
  169  10:16  Mutalisk  
  169  10:19  Mutalisk  
  169  10:21  Drone x3  
  176  10:26  Drone x3  
  176  10:27  Drone  
  178  10:34  Mutalisk  
  178  10:38  Mutalisk  
  178  10:39  Mutalisk  
  178  10:42  Hatchery  
  181  10:45  Queen  
  181  10:46  Mutalisk  
  185  10:53  Mutalisk x2  
  185  10:56  Drone x3  
  192  11:00  Overlord  
  192  11:01  Overlord  
  192  11:08  Overlord  
  190  11:11  Overlord  
  190  11:17  Mutalisk x3  
  172  11:31  Mutalisk x5  
  162  11:35  Zergling x16  
  153  11:42  Drone  
  153  11:43  Drone, Mutalisk x3  
  150  11:48  Zergling x4  
  150  11:53  Mutalisk x2  
  156  11:58  Zergling x6  
Show
View Real Time Build Order
Export as new Build Order

DPGherO Protoss 

Build Orders:  

Get SALT Encoding   

  12  0:00  Probe  
  13  0:13  Pylon  
  13  0:17  Probe (Chrono Boost)  
  14  0:26  Probe (Chrono Boost)  
  15  0:32  Probe  
  16  0:40  Gateway  
  16  0:44  Probe  
  16  0:47  Assimilator  
  17  0:56  Probe  
  18  1:08  Probe  
  19  1:20  Probe  
  20  1:25  Zealot (Chrono Boost)  
  20  1:27  Pylon  
  20  1:30  Cybernetics Core  
  22  1:32  Gateway  
  22  1:36  Probe  
  25  1:48  Probe  
  26  2:15  Adept (Chrono Boost)  
  26  2:16  Adept (Chrono Boost)  
  28  2:24  Nexus  
  28  2:29  Assimilator  
  28  2:37  Adept  
  28  2:43  Probe  
  31  2:45  Pylon  
  31  2:59  Stargate  
  31  3:03  Probe  
  32  3:06  Warp Gate  
  32  3:15  Probe  
  33  3:27  Probe  
  34  3:34  Void Ray (Chrono Boost)  
  35  3:41  Probe (Chrono Boost)  
  35  3:44  Probe (Chrono Boost)  
  40  3:51  Probe (Chrono Boost)  
  40  3:54  Probe (Chrono Boost)  
  42  3:56  Probe (Chrono Boost)  
  43  4:03  Probe  
  43  4:07  Oracle (Chrono Boost)  
  43  4:08  Probe  
  45  4:15  Probe  
  49  4:23  Pylon  
  49  4:24  Probe  
  49  4:25  Nexus  
  49  4:28  Probe  
  49  4:29  Twilight Council  
  51  4:37  Assimilator  
  51  4:39  Probe  
  51  4:40  Probe  
  51  4:41  Gateway  
  53  4:47  Gateway  
  53  4:53  Probe  
  53  4:54  Probe  
  55  5:01  Adept x2, Resonating Glaives (Chrono Boost)  
  55  5:06  Protoss Air Weapons Level 1  
  59  5:08  Probe x2  
  57  5:21  Adept x2  
  57  5:22  Probe  
  57  5:24  Pylon  
  62  5:30  Pylon  
  62  5:36  Probe x2  
  64  5:43  Adept x4  
  64  5:44  Probe  
  64  5:48  Robotics Facility, Probe  
  74  5:54  Probe  
  74  5:57  Probe  
  76  6:00  Shield Battery  
  76  6:01  Probe  
  76  6:02  Pylon  
  77  6:08  Probe, Forge  
  77  6:09  Probe  
  79  6:13  Probe  
  80  6:24  Adept x4  
  80  6:25  Probe x3  
  89  6:37  Probe x2  
  89  6:38  Probe  
  82  6:41  Immortal (Chrono Boost)  
  82  6:43  Protoss Ground Weapons Level 1  
  82  6:46  Adept x4  
  92  6:53  Robotics Bay  
  92  6:55  Probe x3  
  92  6:57  Assimilator  
  92  6:58  Assimilator  
  93  7:15  Adept x4  
  99  7:18  Probe x2  
  99  7:19  Probe  
  99  7:26  Warp Prism (Chrono Boost)  
  97  7:30  Probe x2  
  97  7:36  Gateway  
  97  7:37  Gateway  
  101  7:38  Gateway  
  101  7:39  Gateway  
  101  7:40  Gateway x2, Pylon  
  101  7:43  Blink (Chrono Boost)  
  101  7:45  Pylon  
  101  7:49  Probe  
  100  8:01  Adept x2  
  100  8:03  Disruptor (Chrono Boost)  
  100  8:05  Adept x2  
  112  8:08  Pylon  
  112  8:12  Shield Battery x2  
  111  8:18  Photon Cannon  
  109  8:20  Photon Cannon  
  109  8:25  Adept x4  
  117  8:27  Pylon  
  117  8:32  Disruptor (Chrono Boost)  
  102  8:49  Adept x9  
  117  8:59  Zealot, Disruptor (Chrono Boost)  
  122  9:09  Stalker x3  
  100  9:16  Stalker x2  
  96  9:20  Protoss Ground Weapons Level 2 (Chrono Boost)  
  96  9:22  Stalker  
  94  9:30  Assimilator  
  94  9:35  Zealot  
  94  9:36  Immortal (Chrono Boost)  
  94  9:37  Cybernetics Core  
  96  10:05  Immortal (Chrono Boost)  
  100  10:14  Stalker x5  
  100  10:17  Stalker  
  103  10:26  Stalker x2  
  103  10:27  Nexus  
  103  10:41  Stalker x5  
  113  10:46  Observer  
  109  10:57  Probe  
  109  10:58  Probe  
  109  11:00  Stalker x3  
  109  11:01  Stalker x2  
  121  11:08  Warp Prism  
  115  11:25  Stalker x5  
  108  11:31  Stalker x2  
  96  11:36  Stalker x2  
  90  11:41  Zealot  
  74  11:51  Stalker  
  74  11:52  Stalker x2  
  65  11:57  Stalker x2  
Tags
 
Add a new tag
Caveats
  • Supply blocks, unpowered buildings, or Contaminate may cause inaccurate times.
  • Supply counts are checked every 10 seconds.